 Dungeon Crawl Stone Soup version 0.28-a0-1616-g050a50673c (webtiles) character file.

Game seed: 16346601097995775330

9 grumblor the Skirmisher (level 2, 0/16 HPs)
             Began as a Vine Stalker Fighter on Jan 23, 2022.
             Slain by a goblin (3 damage)
             ... on level 1 of the Dungeon.
             The game lasted 00:00:13 (213 turns).

grumblor the Skirmisher (Vine Stalker Fighter)       Turns: 213, Time: 00:00:14

Health: 0/16       AC:  6    Str: 18    XL:     2   Next: 12%
Magic:  0/3        EV:  6    Int:  8    God:
Gold:   10         SH:  4    Dex: 13    Spells: 1/1 levels left

rFire   . . .      SeeInvis .   a - +0 war axe
rCold   . . .      Faith    .   c - +0 buckler
rNeg    . . .      Spirit   +   b - +0 scale mail
rPois   .          Reflect  .   (no helmet)
rElec   .          Harm     .   (no cloak)
rCorr   .          Rampage  .   (no gloves)
Will    .....                   (no boots)
Stlth   ..........              (no amulet)
HPRegen 0.05/turn               (no ring)
MPRegen 0.08/turn               (no ring)

@: constricted
A: fangs 2, magic shield, antimagic bite, no potion heal 2
a: no special abilities


You were on level 1 of the Dungeon.
You visited 1 branch of the dungeon, and saw 1 of its levels.

You collected 10 gold pieces.

Inventory:

Hand Weapons
 a - a +0 war axe (weapon)
Armour
 b - a +0 scale mail (worn)
 c - a +0 buckler (worn)
Potions
 d - 2 potions of might


   Skills:
 + Level 2.8 Fighting
 + Level 1.8 Axes
 + Level 2.5 Armour
 * Level 0.4 Dodging
 + Level 2.8 Shields


You had one spell level left.
You didn't know any spells.
Your spell library was empty.

Dungeon Overview and Level Annotations

Branches:
Dungeon (1/15)

Altars:


Innate Abilities, Weirdness & Mutations

You have extremely sharp teeth.
When hurt, damage is shared between your health and your magic reserves.
Your bite disrupts and absorbs the magic of your enemies.
Potions cannot restore your health.


Message History

Found a hunting sling.
The endoplasm quivers.
The ball python barely misses you. The ball python grabs you.
The ball python constricts you. The kobold hits you but does no damage.
Unknown command.
You closely miss the ball python. You barely miss the kobold.
The ball python barely misses you. The ball python constricts you.
The kobold hits you with a +0 short sword of speed. x2
The ball python barely misses you. The ball python constricts you.
You block the kobold's attack.
Unknown command.
You closely miss the ball python. Your bite misses the ball python.
You barely miss the kobold. You hit the goblin.
You kill the goblin!
The ball python bites you but does no damage.
The ball python constricts you.
The kobold hits you with a +0 short sword of speed.
The ball python bites you but does no damage.
The ball python constricts you.
The kobold hits you with a +0 short sword of speed.
You are too injured to fight recklessly!
Unknown command.
You are too injured to fight recklessly!
Unknown command.
You are too injured to fight recklessly!
Unknown command.
You are too injured to fight recklessly!
Unknown command.
You are too injured to fight recklessly!
You slash the endoplasm!
You kill the endoplasm!
You closely miss the ball python. You completely miss the goblin.
You closely miss the kobold.
The ball python bites you but does no damage.
The ball python constricts you.
* * * LOW HITPOINT WARNING * * *
The kobold hits you with a +0 short sword of speed.
* * * LOW HITPOINT WARNING * * *
The goblin hits you with a +0 club.
You die...

#### .......)...#
....####+#####'####
...............[.#
..>.........)....# ##
..##...#.#.#.#### .P .
#...###.#....##### ...
#...+ ..#.........
.....##...#####.........
.....=.@†...............
......KgS.......####.###
......(..............#
....?................+
.....................#
...##...............(###
... #...................
.. ...)....########.##.
#....


You could see a goblin, a ball python and a kobold.

Vanquished Creatures
  A bat (D:1)
  2 endoplasms (D:1)
  3 goblins (D:1)
  A ball python (D:1)
  A frilled lizard (D:1)
  A rat (D:1)
9 creatures vanquished.

Notes
Turn   | Place    | Note
-------+----------+-------------------------------------------
     0 | D:1      | grumblor the Vine Stalker Fighter began the quest for the
                  | Orb.
     0 | D:1      | Reached XP level 1. HP: 11/11 MP: 2/2
   209 | D:1      | Reached XP level 2. HP: 16/16 MP: 3/3
   213 | D:1      | Slain by a goblin

Illustrated notes

Levels and vault maps discovered:
D:1:      heliophobic_arrival_ceremonial_halls, layout_basic, serial_aquarium,
          aquarium_bridge_long_separate [aquarium_subvault_wall,
          aquarium_subvault_bridge, aquarium_subvault_wall,
          aquarium_subvault_wall, aquarium_subvault_bridge,
          aquarium_subvault_wall], aquarium_window_corridor_2,
          aquarium_window_fake, aquarium_view_2d, aquarium_view_2f,
          hellmonk_ecumenical_altar_heavens_door, minmay_misc_feat_room

Action                   || total
-------------------------++-------
Melee: War axe           ||    14
       Bite              ||     3
Armor: Scale mail        ||     8
Dodge: Dodged            ||     8
Block: Buckler           ||     5

Table legend: (Time is in decaauts)
 A = Elapsed time spent in this place.
 B = Non-inter-level travel time spent in this place.
 C = Inter-level travel time spent in this place.
 D = Time resting spent in this place.
 E = Time spent auto-exploring this place.
 F = Levels seen in this place.
 G = Mean time per level.
                   A        B        C        D        E       F      G
               +--------+--------+--------+--------+--------+-----+--------+
         Total |    218 |    218 |      0 |      0 |    181 |   1 |  218.0 |
       Dungeon |    218 |    218 |      0 |      0 |    181 |   1 |  218.0 |
               +--------+--------+--------+--------+--------+-----+--------+

Top non-repeatable levels by time:
     D:1: 218 daAuts
